cohdb
Replays
Latest Replays
All Replays
Popular Replays
Top Player Replays
Match Explorer
How It Works
Community
CoH3 Stats
Reddit
Sign in to upload your games and track your stats! →
Sign in with Steam
Match 41869328
Unlisted
Match 41869328
Overview
Messages
Build Orders
End
Scout Squad
Construct Barracks
Selects Special Operations Battlegroup
Selects M29 Weasel Recon Vehicle
M29 Weasel Recon Vehicle
Riflemen Squad
Riflemen Squad
Mechanized Support Center
Riflemen Squad
Construct Tank Depot
Engineer Squad
Riflemen Squad
Selects P-47 Anti-Infantry Loiter
Grenade Package
P-47 Anti-Infantry Loiter
M4A1 Sherman Medium Tank
Construct Weapon Support Center
Microsoft Outlook
deadsadbadmad
Astarot
IronMan
0
0
Comments
sign in to comment!
No comments posted yet!